 Dungeon Crawl Stone Soup version 0.32-a0-485-g70f7560b1c (webtiles) character file.

Game seed: 2867744242217381469

149 Malificent the Ruffian (level 5, -2/37 HPs)
             Began as a Demonspawn Shapeshifter on Feb 26, 2024.
             Slain by a gnoll
             ... wielding a +0 whip of freezing
              (10 damage)
             ... on level 3 of the Dungeon.
             The game lasted 00:07:05 (2086 turns).

Malificent the Ruffian (Demonspawn Shapeshifter)    Turns: 2086, Time: 00:07:05

Health: -2/37      AC:  2    Str: 23    XL:     5   Next: 9%
Magic:  5/5        EV: 12    Int: 10    God:
Gold:   287        SH:  0    Dex: 12    Spells: 4/4 levels left

rFire   . .          .
                       - Unarmed
rCold   . . .        (no shield)
rNeg    . . .        a - +0 animal skin
rPois   .            (helmet currently unavailable)
rElec   .            (cloak currently unavailable)
rCorr   .            (gloves currently unavailable)
SInv    .            (boots currently unavailable)
Will    +....        (no amulet)
Stlth   +            g - ring of willpower
HPRegen 0.26/turn    l - +6 ring of strength
MPRegen 0.09/turn

%: no passive effects
@: beast-form, unable to drink
A: beast (slay +2), claws 1, spiny 2, high MP 1, inability to drink after injury
1
a: Begin Untransformation


You were on level 3 of the Dungeon.
You were a hulking beast.
You visited 1 branch of the dungeon, and saw 3 of its levels.

You collected 287 gold pieces.

Inventory:

Hand Weapons
 k - a +2 dagger of flaming
 m - a +2 short sword of freezing
Missiles
 h - a throwing net (quivered)
Armour
 a - a +0 animal skin (worn)
 f - a +0 pair of gloves
Jewellery
 g - a ring of willpower (left claw)
 l - a +6 ring of strength (right claw)
Talismans
 c - a beast talisman (active)
 d - a flux talisman
Scrolls
 n - 2 scrolls of identify {unknown}
Potions
 b - a potion of resistance {unknown}
 e - a potion of heal wounds {unknown}


   Skills:
 + Level 1.1 Fighting
 + Level 1.8 Dodging
 + Level 0.4 Stealth
 * Level 4.5 Unarmed Combat
 * Level 3.5 Shapeshifting


You had 4 spell levels left.
You didn't know any spells.
Your spell library was empty.

Dungeon Overview and Level Annotations

Branches:
Dungeon (3/15)

Altars:
Wu Jian


Innate Abilities, Weirdness & Mutations

You are a hulking beast.
Your limbs bulge with bestial killing power. (Slay +2)
You have sharp fingernails.
You are mostly covered in sharp spines.
You have an increased reservoir of magic. (+10% MP)
You occasionally lose the ability to drink potions when taking damage.


Message History

You claw the hobgoblin, but do no damage.
The hobgoblin is almost dead.
You claw the hobgoblin!
You kill the hobgoblin!
You see here a hobgoblin corpse.
Found a stone staircase leading up.
A gnoll comes into view. It is wielding a +0 spear.
The gnoll shouts!
The gnoll is struck by your spines. The gnoll barely misses you.
You scratch the gnoll but do no damage.
The gnoll is lightly wounded.
The gnoll is struck by your spines. The gnoll closely misses you.
You claw the gnoll!
You kill the gnoll!
A gnoll comes into view. It is wielding a +0 whip of freezing.
Things that are here:
a +0 spear; a gnoll corpse
There is a stone staircase leading up here.
The gnoll shouts!
You closely miss the gnoll. The gnoll is struck by your spines.
The gnoll hits you with a +0 whip of freezing.
You feel threatened and lose the ability to drink potions!
The gnoll freezes you.
You barely miss the gnoll.
The gnoll is moderately wounded.
The gnoll hits you with a +0 whip of freezing.
The gnoll freezes you.
You scratch the gnoll but do no damage. You claw the gnoll.
The gnoll is moderately wounded.
The gnoll barely misses you.
You scratch the gnoll.
The gnoll is moderately wounded.
The gnoll hits you with a +0 whip of freezing!
* * * LOW HITPOINT WARNING * * *
The gnoll freezes you.
* * * LOW HITPOINT WARNING * * *
You barely miss the gnoll.
The gnoll is moderately wounded.
The gnoll hits you with a +0 whip of freezing!
You die...

#...#
#........#
#'##
####.#####
.# #.# #
#.# #.# ##
#.# .. #.#
#####.###)#
#.....gh<.#
#.###.#####
#


You could see a gnoll.

Vanquished Creatures
  3 gnolls (D:3)
  6 adders
  A ribbon worm (D:3)
  3 orcs (D:3)
  4 bats
  4 endoplasms (D:2)
  3 giant cockroaches (D:1)
  10 goblins
  5 hobgoblins
  7 jackals
  2 quokkas
  5 ball pythons
  A frilled lizard (D:2)
  4 kobolds
58 creatures vanquished.

Notes
Turn   | Place    | Note
-------+----------+-------------------------------------------
     0 | D:1      | Malificent the Demonspawn Shapeshifter began the quest for
                  | the Orb.
     0 | D:1      | Reached XP level 1. HP: 15/15 MP: 1/1
   186 | D:1      | Gained mutation: You are partially covered in sharp spines.
                  | [demonic ancestry]
   186 | D:1      | Reached XP level 2. HP: 16/21 MP: 2/2
   413 | D:1      | Reached skill level 3 in Unarmed Combat
   911 | D:2      | Gained mutation: You have sharp fingernails. [demonic
                  | ancestry]
   911 | D:2      | Reached XP level 3. HP: 26/26 MP: 3/3
  1358 | D:2      | Gained mutation: You are mostly covered in sharp spines.
                  | [demonic ancestry]
  1358 | D:2      | Reached XP level 4. HP: 32/32 MP: 4/4
  1451 | D:2      | Found a faded altar of an unknown god.
  1605 | D:3      | Reached skill level 4 in Unarmed Combat
  1784 | D:3      | Found an ornate altar of the Wu Jian Council.
  1811 | D:3      | Gained mutation: You occasionally lose the ability to drink
                  | potions when taking damage. [potion of mutation]
  1811 | D:3      | Gained mutation: You have an increased reservoir of magic.
                  | (+10% MP) [potion of mutation]
  1855 | D:3      | Reached XP level 5. HP: 15/37 MP: 5/5
  2086 | D:3      | Slain by a gnoll

Illustrated notes

Levels and vault maps discovered:
D:1:      lemuel_arrival_behind_the_door_small, layout_rooms
D:2:      layout_loops_cross, serial_aquarium, aquarium_bridge_square
          [aquarium_subvault_wall, aquarium_subvault_balcony,
          aquarium_subvault_bridge, aquarium_subvault_wall], aquarium_window_2,
          aquarium_window_fake, aquarium_view_2c, aquarium_view_2f,
          aquarium_pool_five, ebering_ecumenical_altar_petrified,
          corner_web_ring, minmay_goblin_outpost
D:3:      layout_loops_corners, amcnicky_altar_gilded,
          nemelex_dance_club_becter, uniq_ijyb

Skill      XL: |  1  2  3  4 |
---------------+-------------+-----
Shapeshifting  | 3 |  3.5
Unarmed Combat | 3 4 |  4.5
Fighting       | |  1.1
Dodging        | |  1.8
Stealth        | |  0.4

Action                     |  1- 3 |  4- 6 || total
---------------------------+-------+-------++-------
  Melee: Unarmed           |    64 |    46 ||   110
         Punch             |     1 |     2 ||     3
    Use: Potion            |     1 |     4 ||     5
         Scroll            |       |     1 ||     1
   Stab: Sleeping          |       |     2 ||     2
 Armour: Animal skin       |    29 |    24 ||    53
         Skin              |     1 |       ||     1
  Dodge: Dodged            |    28 |    16 ||    44

Table legend: (Time is in decaauts)
 A = Elapsed time spent in this place.
 B = Non-inter-level travel time spent in this place.
 C = Inter-level travel time spent in this place.
 D = Time resting spent in this place.
 E = Time spent auto-exploring this place.
 F = Levels seen in this place.
 G = Mean time per level.
                   A        B        C        D        E       F      G
               +--------+--------+--------+--------+--------+-----+--------+
         Total |   2077 |   2023 |     54 |    373 |   1160 |   3 |  692.3 |
       Dungeon |   2077 |   2023 |     54 |    373 |   1160 |   3 |  692.3 |
               +--------+--------+--------+--------+--------+-----+--------+

Top non-repeatable levels by time:
     D:2: 915 daAuts
     D:1: 678 daAuts
     D:3: 483 daAuts
